General information
- name: BNet
- type: Ladder team game (AT/RT)
- host: Battle.net
- saver: NotHereLeaveMsg
map: Deadlands
- players: 8
- length: 15:43
- speed: Fast
- version: 1.28 W3XP
- replay type: Public
» download(160 KB)
Players
team 1 (winner)

»
medivh (
green | 56 APM | 880 actions | 15:43)
4 Tauren Chieftain
2 Endurance Aura
2 War Stomp
» actions
| Assign group hotkey | 11 | |
| Basic commands | 88 | |
| Build / train | 42 | |
| ESC pressed | 2 | |
| Enter build submenu | 21 | |
| Enter hero's abilities submenu | 4 | |
| Give item / drop item | 4 | |
| Right click | 242 | |
| Select / deselect | 122 | |
| Select group hotkey | 283 | |
| Use ability | 61 | |
880 total
» units
| Peon | 11 | |
| Grunt | 7 | |
| Goblin Shredder | 1 | |
| Troll Batrider | 6 | |
25 total
» upgrades
| Reinforced Defenses | 1 | |
| Pillage | 1 | |
2 total
» buildings
| Altar of Storms | 1 | |
| Orc Burrow | 9 | |
| War Mill | 1 | |
| Barracks | 1 | |
| Stronghold | 2 | |
| Voodoo Lounge | 1 | |
| Great Hall | 3 | |
| Fortress | 1 | |
| Beastiary | 2 | |
| Tauren Totem | 1 | |
| Watch Tower | 3 | |
25 total
» build order
00:45 Altar of Storms
00:50 Orc Burrow
01:32 War Mill
02:14 Barracks
02:18 Orc Burrow
02:59 Stronghold
02:59 Stronghold
03:22 Orc Burrow
03:32 Voodoo Lounge
05:53 Great Hall
06:14 Fortress
07:29 Great Hall
08:36 Beastiary
08:37 Tauren Totem
08:44 Watch Tower
08:45 Watch Tower
08:45 Watch Tower
08:49 Orc Burrow
09:51 Beastiary
09:59 Orc Burrow
15:32 Orc Burrow
15:33 Orc Burrow
15:34 Orc Burrow
15:42 Great Hall
15:43 Orc Burrow
» items
| Healing Salve | 3 | |
| Boots of Speed | 1 | |
| Scroll of Healing | 1 | |
| Circlet of Nobility | 1 | |
| Lesser Clarity Potion | 1 | |
7 total
RUNINGBULL (
blue | 30 APM | 467 actions | 15:43)
4 Blademaster
2 Wind Walk
2 Critical Strike
2 Tauren Chieftain
1 War Stomp
1 Endurance Aura
» actions
| Basic commands | 14 | |
| Build / train | 42 | |
| Enter build submenu | 22 | |
| Enter hero's abilities submenu | 6 | |
| Right click | 210 | |
| Select / deselect | 136 | |
| Use ability | 37 | |
467 total
» units
| Peon | 9 | |
| Grunt | 6 | |
| Shaman | 4 | |
| Tauren | 2 | |
21 total
» upgrades
| Spiked Barricades | 1 | |
| Shaman Training | 2 | |
| Reinforced Defenses | 1 | |
| Pulverize | 1 | |
| Berserker Strength | 1 | |
| Melee Weapons | 1 | |
| Armor | 1 | |
8 total
» buildings
| Orc Burrow | 8 | |
| Altar of Storms | 1 | |
| Barracks | 1 | |
| Voodoo Lounge | 1 | |
| War Mill | 1 | |
| Stronghold | 1 | |
| Watch Tower | 5 | |
| Fortress | 1 | |
| Spirit Lodge | 1 | |
| Tauren Totem | 1 | |
21 total
» build order
00:09 Orc Burrow
00:13 Altar of Storms
01:10 Barracks
01:41 Orc Burrow
02:12 Voodoo Lounge
02:40 Orc Burrow
03:12 War Mill
03:34 Stronghold
04:41 Watch Tower
04:47 Watch Tower
06:30 Fortress
06:40 Spirit Lodge
08:05 Orc Burrow
09:06 Tauren Totem
10:09 Watch Tower
10:49 Watch Tower
11:54 Orc Burrow
12:00 Orc Burrow
13:11 Watch Tower
15:22 Orc Burrow
15:25 Orc Burrow
» items
| Healing Salve | 1 | |
| Scroll of Town Portal | 1 | |
| Orb of Lightning | 1 | |
3 total

»
Swordran (
red | 55 APM | 863 actions | 15:43)
3 Demon Hunter
2 Evasion
1 Mana Burn
2 Priestess of the Moon
1 Trueshot Aura
1 Scout
» actions
| Assign group hotkey | 14 | |
| Build / train | 46 | |
| ESC pressed | 7 | |
| Enter build submenu | 33 | |
| Enter hero's abilities submenu | 6 | |
| Remove unit from queue | 1 | |
| Right click | 466 | |
| Select / deselect | 170 | |
| Select group hotkey | 62 | |
| Use ability | 58 | |
863 total
» units
| Wisp | 19 | |
| Archer | 2 | |
| Huntress | 4 | |
| Dryad | 5 | |
| Glaive Thrower | 2 | |
32 total
» upgrades
| Strength of the Moon | 1 | |
| Strength of the Wild | 1 | |
| Abolish Magic | 1 | |
| Nature's Blessing | 1 | |
| Reinforced Hides | 1 | |
5 total
» buildings
| Moon Well | 7 | |
| Altar of Elders | 1 | |
| Ancient of War | 1 | |
| Hunter's Hall | 1 | |
| Ancient of Wonders | 1 | |
| Tree of Ages | 1 | |
| Ancient Protector | 15 | |
| Ancient of Lore | 1 | |
| Tree of Eternity | 1 | |
29 total
» build order
00:13 Moon Well
00:23 Altar of Elders
01:16 Ancient of War
01:37 Moon Well
02:02 Hunter's Hall
02:28 Ancient of Wonders
02:36 Moon Well
03:29 Tree of Ages
04:55 Moon Well
05:14 Ancient Protector
05:17 Ancient Protector
05:42 Ancient Protector
05:48 Ancient Protector
05:53 Ancient Protector
05:58 Ancient Protector
06:03 Ancient Protector
06:23 Ancient Protector
06:55 Ancient Protector
07:16 Ancient Protector
08:28 Ancient of Lore
09:12 Ancient Protector
09:43 Tree of Eternity
10:40 Ancient Protector
10:44 Ancient Protector
10:53 Ancient Protector
11:45 Moon Well
11:49 Ancient Protector
15:14 Moon Well
15:23 Moon Well
angrYwinds (
orange | 43 APM | 671 actions | 15:43)
3 Mountain King
2 Storm Bolt
1 Thunder Clap
2 Paladin
1 Holy Light
1 Divine Shield
» actions
| Basic commands | 35 | |
| Build / train | 45 | |
| ESC pressed | 1 | |
| Enter build submenu | 27 | |
| Enter hero's abilities submenu | 5 | |
| Give item / drop item | 1 | |
| Right click | 296 | |
| Select / deselect | 208 | |
| Use ability | 53 | |
671 total
» units
| Peasant | 10 | |
| Spell Breaker | 5 | |
| Priest | 4 | |
| Sorceress | 5 | |
| Siege Engine | 2 | |
| Flying Machine | 2 | |
28 total
» upgrades
| Priest Training | 2 | |
| Control Magic | 1 | |
| Barrage | 1 | |
4 total
» buildings
| Altar of Kings | 1 | |
| Lumber Mill | 2 | |
| Farm | 9 | |
| Scout Tower | 2 | |
| Guard Tower | 2 | |
| Arcane Vault | 1 | |
| Keep | 1 | |
| Arcane Sanctum | 4 | |
| Castle | 1 | |
| Blacksmith | 1 | |
| Workshop | 2 | |
26 total
» build order
00:08 Altar of Kings
00:17 Lumber Mill
00:23 Lumber Mill
00:31 Farm
01:11 Scout Tower
01:37 Farm
01:39 Guard Tower
01:51 Arcane Vault
02:20 Scout Tower
02:49 Guard Tower
02:59 Keep
03:06 Farm
03:48 Farm
05:29 Arcane Sanctum
05:32 Arcane Sanctum
05:36 Arcane Sanctum
06:12 Arcane Sanctum
07:17 Farm
07:22 Castle
07:39 Farm
08:05 Farm
08:37 Blacksmith
10:35 Workshop
10:39 Workshop
11:24 Farm
12:55 Farm
» items
| Dust of Appearance | 1 | |
| Orb of Fire | 1 | |
2 total
team 2 (loser)
KBilly (
yellow | 77 APM | 1203 actions | 15:38)
4 Blademaster
2 Wind Walk
2 Critical Strike
2 Shadow Hunter
1 Hex
1 Healing Wave
» actions
| Assign group hotkey | 35 | |
| Basic commands | 30 | |
| Build / train | 55 | |
| ESC pressed | 1 | |
| Enter build submenu | 23 | |
| Enter hero's abilities submenu | 6 | |
| Give item / drop item | 4 | |
| Right click | 550 | |
| Select / deselect | 175 | |
| Select group hotkey | 269 | |
| Use ability | 55 | |
1203 total
» units
| Peon | 16 | |
| Grunt | 2 | |
| Wind Rider | 6 | |
| Troll Batrider | 3 | |
27 total
» upgrades
| Ranged Weapons | 2 | |
| Armor | 2 | |
| Envenomed Spears | 1 | |
| Liquid Fire | 1 | |
6 total
» buildings
| Altar of Storms | 1 | |
| Orc Burrow | 6 | |
| Barracks | 1 | |
| Voodoo Lounge | 2 | |
| Stronghold | 2 | |
| Great Hall | 3 | |
| Beastiary | 4 | |
| War Mill | 1 | |
| Fortress | 1 | |
| Watch Tower | 6 | |
27 total
» build order
00:07 Altar of Storms
00:21 Orc Burrow
00:35 Barracks
01:30 Orc Burrow
01:53 Voodoo Lounge
03:06 Stronghold
03:06 Stronghold
03:48 Great Hall
05:37 Beastiary
05:39 Beastiary
05:41 War Mill
06:12 Orc Burrow
06:16 Orc Burrow
08:30 Fortress
08:41 Voodoo Lounge
08:45 Watch Tower
10:37 Orc Burrow
10:37 Orc Burrow
13:20 Beastiary
13:20 Beastiary
13:35 Great Hall
14:03 Watch Tower
14:04 Watch Tower
14:05 Watch Tower
14:21 Great Hall
14:23 Watch Tower
14:24 Watch Tower
» items
| Healing Salve | 2 | |
| Boots of Speed | 1 | |
| Circlet of Nobility | 1 | |
| Scroll of Speed | 1 | |
| Scroll of Town Portal | 2 | |
| Scroll of Healing | 1 | |
| Scroll of Protection | 1 | |
| Potion of Lesser Invulnerability | 1 | |
10 total

»
MagicVsFort35 (
pink | 115 APM | 1579 actions | 13:44)
3 Archmage
2 Summon Water Elemental
1 Brilliance Aura
1 Mountain King
1 Storm Bolt
» actions
| Assign group hotkey | 22 | |
| Basic commands | 45 | |
| Build / train | 69 | |
| Enter build submenu | 24 | |
| Enter hero's abilities submenu | 4 | |
| Remove unit from queue | 1 | |
| Right click | 867 | |
| Select / deselect | 395 | |
| Select group hotkey | 61 | |
| Use ability | 91 | |
1579 total
» units
| Peasant | 11 | |
| Footman | 11 | |
| Sorceress | 6 | |
| Knight | 2 | |
| Priest | 1 | |
31 total
» upgrades
| Defend | 1 | |
| Lumber Harvesting | 1 | |
| Masonry | 2 | |
| Sorceress Training | 0 | |
| Plating | 1 | |
5 total
» buildings
| Altar of Kings | 1 | |
| Barracks | 2 | |
| Farm | 9 | |
| Scout Tower | 5 | |
| Arcane Tower | 4 | |
| Town Hall | 1 | |
| Keep | 2 | |
| Lumber Mill | 1 | |
| Blacksmith | 1 | |
| Guard Tower | 7 | |
| Arcane Sanctum | 2 | |
| Arcane Vault | 1 | |
| Castle | 2 | |
38 total
» build order
00:09 Altar of Kings
00:22 Barracks
00:37 Farm
01:06 Farm
01:42 Farm
02:09 Scout Tower
02:37 Arcane Tower
02:37 Arcane Tower
02:37 Arcane Tower
03:09 Farm
03:48 Scout Tower
03:59 Town Hall
04:22 Keep
04:22 Keep
04:46 Arcane Tower
04:53 Lumber Mill
05:53 Scout Tower
05:54 Scout Tower
05:57 Scout Tower
06:01 Blacksmith
06:21 Guard Tower
06:21 Guard Tower
06:21 Guard Tower
06:31 Guard Tower
06:31 Guard Tower
07:37 Arcane Sanctum
07:45 Arcane Vault
07:46 Guard Tower
07:47 Guard Tower
09:06 Castle
09:06 Castle
09:44 Barracks
09:47 Arcane Sanctum
11:38 Farm
11:40 Farm
11:42 Farm
12:00 Farm
12:02 Farm
» items
| Potion of Lesser Invulnerability | 1 | |
| Boots of Speed | 1 | |
| Scroll of Regeneration | 1 | |
3 total
JaguaR- (
teal | 81 APM | 1105 actions | 13:37)
3 Mountain King
2 Storm Bolt
1 Bash
1 Naga Sea Witch
1 Frost Arrows
» actions
| Assign group hotkey | 25 | |
| Basic commands | 42 | |
| Build / train | 71 | |
| Enter build submenu | 21 | |
| Enter hero's abilities submenu | 4 | |
| Give item / drop item | 5 | |
| Right click | 451 | |
| Select / deselect | 159 | |
| Select group hotkey | 270 | |
| Use ability | 57 | |
1105 total
» units
| Peasant | 23 | |
| Footman | 8 | |
| Siege Engine | 4 | |
35 total
» upgrades
| Lumber Harvesting | 1 | |
| Defend | 1 | |
| Barrage | 1 | |
| Animal War Training | 1 | |
| Gunpowder | 1 | |
| Plating | 1 | |
| Swords | 1 | |
7 total
» buildings
| Altar of Kings | 1 | |
| Farm | 12 | |
| Barracks | 2 | |
| Lumber Mill | 2 | |
| Arcane Vault | 2 | |
| Keep | 1 | |
| Town Hall | 1 | |
| Scout Tower | 6 | |
| Guard Tower | 11 | |
| Blacksmith | 1 | |
| Castle | 2 | |
| Workshop | 4 | |
45 total
» build order
00:24 Altar of Kings
00:36 Farm
01:06 Barracks
01:18 Farm
01:57 Farm
02:18 Lumber Mill
02:39 Farm
03:12 Arcane Vault
03:14 Farm
04:46 Farm
06:13 Keep
06:23 Town Hall
06:30 Scout Tower
06:31 Scout Tower
06:33 Scout Tower
06:35 Scout Tower
06:37 Scout Tower
06:38 Scout Tower
07:00 Guard Tower
07:01 Guard Tower
07:06 Guard Tower
07:06 Guard Tower
07:20 Guard Tower
07:20 Guard Tower
07:21 Guard Tower
07:24 Guard Tower
07:24 Guard Tower
07:36 Guard Tower
07:36 Guard Tower
08:30 Blacksmith
08:46 Arcane Vault
08:48 Castle
08:48 Castle
08:58 Barracks
09:00 Farm
09:01 Farm
09:02 Farm
09:02 Farm
09:03 Farm
09:04 Farm
09:59 Workshop
10:01 Workshop
10:03 Workshop
10:04 Workshop
10:12 Lumber Mill
» items
| Scroll of Regeneration | 3 | |
| Scroll of Town Portal | 1 | |
4 total
NotHereLeaveMsg (
purple | 44 APM | 697 actions | 15:43)
1 Paladin
1 Divine Shield
» actions
| Assign group hotkey | 15 | |
| Basic commands | 24 | |
| Build / train | 49 | |
| Enter build submenu | 25 | |
| Enter hero's abilities submenu | 1 | |
| Remove unit from queue | 3 | |
| Right click | 199 | |
| Select / deselect | 203 | |
| Select group hotkey | 146 | |
| Use ability | 32 | |
697 total
» units
» upgrades
| Lumber Harvesting | 2 | |
| Gunpowder | 3 | |
| Armor | 3 | |
| Masonry | 3 | |
| Flare | 0 | |
11 total
» buildings
| Lumber Mill | 2 | |
| Farm | 7 | |
| Altar of Kings | 2 | |
| Keep | 1 | |
| Scout Tower | 13 | |
| Blacksmith | 1 | |
| Arcane Tower | 1 | |
| Guard Tower | 5 | |
| Workshop | 2 | |
| Castle | 1 | |
35 total
» build order
00:20 Lumber Mill
01:18 Farm
01:20 Altar of Kings
01:22 Altar of Kings
02:09 Keep
02:12 Scout Tower
02:18 Blacksmith
02:38 Arcane Tower
02:44 Scout Tower
02:45 Scout Tower
02:46 Scout Tower
02:46 Scout Tower
03:49 Guard Tower
03:56 Farm
03:58 Farm
04:38 Workshop
04:41 Workshop
04:53 Guard Tower
05:25 Farm
05:31 Farm
05:34 Farm
07:40 Farm
08:31 Castle
09:11 Scout Tower
09:11 Scout Tower
09:19 Scout Tower
09:19 Scout Tower
09:24 Scout Tower
09:55 Guard Tower
10:30 Guard Tower
10:54 Lumber Mill
12:32 Scout Tower
12:33 Scout Tower
12:36 Scout Tower
13:14 Guard Tower
» items
| Scroll of Town Portal | 2 | |
| Healing Salve | 1 | |
3 total
Chat log
(00:14 / All) MagicVsFort35: GL HF Warfriends :)
(00:27 / All) KBilly: glhf pink
(00:48 / Allies) MagicVsFort35: fast expo for me
(01:12 / Allies) KBilly: ?
(01:19 / Allies) MagicVsFort35: fasttech?
(05:10 / Allies) MagicVsFort35: omw
(05:14 / Allies) KBilly: red is hunts
(05:16 / Allies) KBilly: going wyvs
(10:01 / Allies) MagicVsFort35: omw
(10:34 / Allies) MagicVsFort35: can tank towers
(10:36 / Allies) MagicVsFort35: with ele
(10:40 / Allies) MagicVsFort35: and defend
(10:50 / Allies) KBilly: not hitting blue
(11:09 / Allies) KBilly: I scout you shoot
(11:10 / Allies) KBilly: go
(11:18 / Allies) KBilly: wake up please purple
(11:32 / Allies) KBilly: asshole
(12:02 / Allies) JaguaR-: i checked
(12:04 / Allies) JaguaR-: its clear
(12:39 / Allies) JaguaR-: where is purple
(12:42 / Allies) JaguaR-: gg
(12:43 / Allies) JaguaR-: pink suck
(12:44 / Allies) JaguaR-: lol
(12:45 / Allies) KBilly: try wtf
(13:03 / Allies) JaguaR-: pink just full suicide
(13:06 / Allies) JaguaR-: awful shit
(13:06 / Allies) MagicVsFort35: missed tp
(13:10 / Allies) MagicVsFort35: not sure why it didn't go
(13:24 / Allies) JaguaR-: defend?
(13:25 / All) KBilly: purp tk
(13:26 / Allies) MagicVsFort35: wtf
(13:27 / Allies) MagicVsFort35: wtf
(13:27 / Allies) JaguaR-: fight at towers
(13:30 / Allies) MagicVsFort35: purp wtf
(13:43 / All) MagicVsFort35: purp tk, sorry :(
(13:53 / All) angrYwinds: billy suck my cock
(13:57 / All) KBilly: excuse you?
(14:11 / All) angrYwinds: over 4500 losses start sucking
(14:56 / All) KBilly: purp tk again
(15:00 / All) KBilly: no reason why
(15:09 / All) NotHereLeaveMsg: KBilly is a homo
(15:11 / All) NotHereLeaveMsg: Terrible ally
(15:19 / All) KBilly: I was carrying
(15:26 / All) angrYwinds: you carry aids
(15:28 / All) NotHereLeaveMsg: I only got morts to kill you
(15:38 / All) NotHereLeaveMsg: Made it look good huh punk?
(15:42 / All) NotHereLeaveMsg: KBILLY IS GAY